AoeStats
← ThunderboltX

Arabia

509643441Analyzed
1v1 RM · 5d ago on Sep 27, 2026· 32m 56s· 2 players
Game mode
Random Map
Map size
Tiny (2 player)
Population
200
Speed
Normal
Resources
Standard
Victory
Conquest
Starting age
Dark Age
Ending age
Imperial Age
RankedLock teamsTeams togetherTeam positionsShared explorationLock speedFull tech treeHidden civsTurbo modeCheats
Victory
Defeat
🇧🇬 Wei · Bulgaria
2416
+9
🇬🇧 Burgundians · United Kingdom
2264
-9
PUB | Steak
3:25 Double-Bit Axe
12:37 Feudal Age
16:31 Castle Age
14:34 Horse Collar
15:32 Bow Saw
18:02 Wheelbarrow
17:59 Scale Barding Armor
18:28 Loom
25:33 Chain Barding Armor
28:41 Husbandry
29:59 Heavy Plow
ThunderboltX
6:09 Loom
6:25 Loom
9:03 Feudal Age
9:45 Double-Bit Axe
10:47 Horse Collar
16:14 Gold Mining
19:15 Castle Age
17:47 Fletching
18:47 Padded Archer Armor
19:57 Bodkin Arrow
19:23 Crossbowman
21:01 Bow Saw
23:44 Husbandry
25:02 Bloodlines
24:53 Town Watch
27:16 Ballistics
31:37 Leather Archer Armor
Connection lost

Rejoining the realm…

Still unreachable

The connection could not be restored.

Session expired

The server has moved on; the page needs a fresh start.